 Dungeon Crawl Stone Soup version 0.26-a0-812-g31a745ddcd (webtiles) character file.

Game seed: 9499328829355674387

6273 Morbidden the Thaumaturge (level 10, -4/69 HPs)
             Began as a Demonspawn Necromancer on Nov 14, 2020.
             Was a Believer of Hepliaklqana.
             Killed from afar by a gargoyle (20 damage)
             ... with a stone arrow
             ... on level 10 of the Dungeon.
             The game lasted 00:30:24 (14072 turns).

Morbidden the Thaumaturge (Demonspawn Necromancer) Turns: 14072, Time: 00:30:24

Health: -4/69      AC:  8    Str:  9    XL:     10   Next: 63%
Magic:  23/23      EV: 13    Int: 20    God:    Hepliaklqana [**....]
Gold:   448        SH:  0    Dex: 19    Spells: 14/27 levels left

rFire    . . .     SeeInvis .   J - +2 trident
rCold    + . .     Faith    .   (no shield)
rNeg     . . .     Spirit   .   b - +0 leather armour
rPois    +         Reflect  .   k - +1 hat
rElec    +         Harm     .   (no cloak)
rCorr    .         Rampage  .   g - +0 pair of gloves
MR       .....                  l - +2 pair of boots
Stlth    ++........             u - amulet of the acrobat
HPRegen  0.21/turn              D - +6 ring of dexterity
MPRegen  0.18/turn              (no ring)

@: lightly drained
A: reduced essence, claws 1, hooves 1, cold resistance 1, foul stench 1, poison
resistance, powered by pain 1, electricity resistance, rot immunity
a: Recall Ancestor, Ancestor Identity, Renounce Religion


You were on level 10 of the Dungeon.
You worshipped Hepliaklqana.
Hepliaklqana was pleased with you.
You visited 1 branch of the dungeon, and saw 10 of its levels.

You collected 448 gold pieces.

Inventory:

Hand Weapons
 J - a +2 trident (weapon)
Missiles
 v - 12 poisoned darts (quivered)
Armour
 b - a +0 leather armour (worn)
 g - a +0 pair of gloves (worn)
 k - a +1 hat (worn)
 l - a +2 pair of boots (worn)
Magical Staves
 B - an uncursed staff of cold
 C - an uncursed staff of fire
Jewellery
 u - an amulet of the acrobat (around neck)
 D - a +6 ring of dexterity (left hand)
Wands
 q - a wand of enslavement (19)
 w - a wand of polymorph (1)
 H - a wand of paralysis (9)
Scrolls
 c - 3 scrolls of remove curse
 d - 4 scrolls of identify
 f - 3 scrolls of amnesia {unknown}
 h - a scroll of immolation
 i - 3 scrolls of teleportation
 j - a scroll of fog {unknown}
 x - 2 scrolls of random uselessness {unknown}
 y - a scroll of acquirement {unknown}
 E - 3 scrolls of enchant armour {unknown}
 I - a scroll of enchant weapon {unknown}
Potions
 a - a potion of attraction {unknown}
 e - 2 potions of brilliance {unknown}
 m - 3 potions of haste
 o - 3 potions of invisibility {unknown}
 p - a potion of degeneration {unknown}
 r - a potion of curing {unknown}
 s - 2 potions of mutation
 t - a potion of ambrosia {unknown}
 F - a potion of flight {unknown}
 G - a potion of cancellation
Miscellaneous
 z - a tin of tremorstones (1/2)
 A - a phial of floods (inert)


   Skills:
 * Level 6.4(6.1) Fighting
 + Level 0.4(0.2) Polearms
 + Level 1.4(1.1) Throwing
 + Level 3.0(2.7) Armour
 + Level 3.6(3.3) Dodging
 + Level 2.7(2.4) Stealth
 + Level 4.7(4.4) Unarmed Combat
 * Level 9.4(9.0) Spellcasting
 + Level 9.1(8.7) Necromancy
 + Level 1.3(1.0) Evocations


You had 14 spell levels left.
You knew the following spells:

 Your Spells              Type           Power        Failure   Level
a - Pain                  Necr           ####         1%          1
b - Vampiric Draining     Necr           #####.....   1%          3
c - Animate Dead          Necr           #####.....   2%          4
d - Agony                 Necr           #####...     8%          5

Your spell library contained the following spells:

 Spells                   Type           Power        Failure   Level
 Animate Skeleton         Necr           #####.       1%          1
 Beastly Appendage        Tmut           #.....       11%         1
 Wereblood                Tmut           #.......     16%         2
 Spider Form              Tmut/Pois      #.........   30%         3
 Ice Form                 Ice/Tmut       #.......     71%         4
 Blade Hands              Tmut           #.........   96%         5


Dungeon Overview and Level Annotations

Branches:
Dungeon (10/15)            Temple (0/1) D:7             Orc (0/2) D:10
   Lair: D:8-11

Altars:
Fedhas
Hepliaklqana
Nemelex Xobeh
Okawaru
Sif Muna
Wu Jian
Xom
The Shining One

Shops:
D:6 =   D:10 (

Annotations:
D:7 2 transporters, 1994's ghost, novice HOGl


Innate Abilities, Weirdness & Mutations

You have large cloven feet.
You may emit foul miasma when damaged in melee.
You sometimes gain a little power by taking damage.
You are immune to rotting.
Your life essence is reduced to manifest your ancestor. (-10% HP)
You have sharp fingernails.
Your flesh is cold resistant. (rC+)
Your system is resistant to poisons. (rPois)
You are resistant to electric shocks. (rElec)


Message History

You feel drained.
You emit a cloud of foul miasma!
Unknown command.
You barely miss the gargoyle.
The gargoyle is moderately damaged.
The gargoyle barely misses you.
Unknown command.
You hit the gargoyle but do no damage.
The gargoyle is lightly damaged.
The gargoyle hurls a stone arrow at you.
The stone arrow hits you!!
* * * LOW HITPOINT WARNING * * *
Unknown command.
Evoke which item? (* to show all) (? for menu, Esc to quit)
Aiming: Disintegrate
Press: ? - help, Shift-Dir - straight line, f/p - gargoyle
Aim: a gargoyle, wielding a +1 mace of draining (foul pestilence, lightly damaged, chance to defeat MR: 52%)
The gargoyle is blasted!!
The now-empty wand crumbles to dust.
The gargoyle hurls a stone arrow at you.
The stone arrow hits you!!
You die...

'...............#
###.............#
#########.#####
##..# #..##
######.####
#.........#######
#.........9..../.
#........@#####
#.........#
#.........#
#.........#
...........#
##.........#
########.## ..#
##


You could see a gargoyle.

Vanquished Creatures
  A troll (D:9)
  Grinder (D:3)
  A hornet (D:8)
  Sigmund (D:3)
  A wraith (D:10)
  Menkaure (D:6)
  4 orc warriors
  A black bear (D:7)
  An ice beast (D:8)
  A sky beast (D:6)
  4 ogres
  5 centaurs
  4 bullfrogs
  A water moccasin zombie (D:5)
  A scorpion (D:8)
  5 killer bees (D:8)
  2 wights
  5 howler monkeys
  A quasit (D:7)
  2 hounds
  6 orc priests
  A bullfrog skeleton (D:8)
  2 centaur skeletons
  2 iguanas (D:5)
  5 orc wizards
  3 worker ants
  Terence (D:3)
  2 gnolls
  9 adders
  A shadow imp (D:7)
  A white imp (D:8)
  2 ufetubi
  An ooze (D:1)
  An adder zombie (D:5)
  4 worms
  A dart slug (D:1)
  4 leopard geckos
  29 orcs
  2 ball pythons
  6 giant cockroaches
  5 goblins
  7 hobgoblins
  9 jackals
  6 kobolds
  6 quokkas
  9 bats
  6 frilled lizards
  6 rats
180 creatures vanquished.

Vanquished Creatures (collateral kills)
  A two-headed ogre (D:9)
  A shadow (D:8)
  2 orc warriors (D:10)
  An ogre (D:9)
  A phantom (D:9)
  A centaur (D:7)
  A gnoll sergeant (D:9)
  A scorpion (D:7)
  8 wights
  4 killer bees (D:10)
  2 orc wizards
  2 bullfrog skeletons
  A centaur skeleton (D:7)
  An orc priest (D:7)
  A hound skeleton (D:9)
  2 gnolls (D:9)
  3 shadow imps
  A white imp (D:8)
  An ufetubus (D:7)
  An adder zombie (D:7)
  5 orcs
  A giant cockroach (D:7)
  A quokka zombie (D:6)
43 creatures vanquished.

Vanquished Creatures (others)
  2 knights (D:10)
  4 ancestors
  11 plants (D:2)
17 creatures vanquished.

Grand Total: 240 creatures vanquished

Notes
Turn   | Place    | Note
-------+----------+-------------------------------------------
     0 | D:1      | Morbidden the Demonspawn Necromancer began the quest for
                  | the Orb.
     0 | D:1      | Reached XP level 1. HP: 13/13 MP: 3/3
   187 | D:1      | Reached skill level 1 in Fighting
   187 | D:1      | Gained mutation: You sometimes gain a little power by
                  | taking damage. [demonic ancestry]
   187 | D:1      | Reached XP level 2. HP: 17/21 MP: 0/5
   567 | D:1      | Reached skill level 5 in Necromancy
   886 | D:1      | Reached XP level 3. HP: 23/26 MP: 1/6
  1792 | D:2      | Learned a level 3 spell: Vampiric Draining
  2042 | D:2      | Gained mutation: You have large cloven feet. [demonic
                  | ancestry]
  2042 | D:2      | Reached XP level 4. HP: 5/32 MP: 1/7
  2085 | D:2      | Gained mutation: You have sharp fingernails. [potion of
                  | mutation]
  2085 | D:2      | Gained mutation: You are resistant to electric shocks.
                  | (rElec) [potion of mutation]
  2085 | D:2      | Gained mutation: Your system is resistant to poisons.
                  | (rPois) [potion of mutation]
  2085 | D:2      | Gained mutation: Your flesh is cold resistant. (rC+)
                  | [potion of mutation]
  2784 | D:3      | Noticed Terence
  2790 | D:3      | Killed Terence
  2790 | D:3      | Gained mutation: You are immune to rotting. [demonic
                  | ancestry]
  2790 | D:3      | Reached XP level 5. HP: 28/38 MP: 4/9
  3664 | D:3      | Noticed Sigmund
  3670 | D:3      | Killed Sigmund
  3670 | D:3      | Reached XP level 6. HP: 43/45 MP: 8/11
  3779 | D:3      | Noticed Grinder
  3835 | D:3      | Killed Grinder
  3835 | D:3      | Reached XP level 7. HP: 44/51 MP: 11/13
  4356 | D:4      | Found a shimmering altar of Xom.
  4658 | D:4      | Reached skill level 1 in Unarmed Combat
  4669 | D:4      | Reached skill level 1 in Armour
  4933 | D:4      | Reached skill level 5 in Spellcasting
  5653 | D:5      | Entered Level 5 of the Dungeon
  5653 | D:5      | Found a blossoming altar of Fedhas.
  5653 | D:5      | Found a glowing golden altar of the Shining One.
  6034 | D:5      | Reached XP level 8. HP: 54/59 MP: 5/15
  6505 | D:6      | Learned a level 4 spell: Animate Dead
  6589 | D:6      | Noticed Menkaure
  6667 | D:6      | You fall into a shaft and drop 2 floors!
  6667 | D:8      | Found a sparkling altar of Nemelex Xobeh.
  6922 | D:8      | Reached skill level 1 in Throwing
  6981 | D:8      | Noticed an eight-headed hydra
  7003 | D:8      | Noticed a hornet
  7134 | D:8      | Killed a hornet
  7134 | D:8      | Reached skill level 1 in Evocations
  7261 | D:8      | Gained mutation: You may emit foul miasma when damaged in
                  | melee. [demonic ancestry]
  7261 | D:8      | Reached XP level 9. HP: 65/66 MP: 19/19
  7847 | D:7      | Found a transporter.
  7852 | D:7      | Noticed 1994's ghost (novice HOGl)
  7921 | D:6      | Found Eddoxkub's Jewellery Shop.
  8163 | D:6      | Found a hazy altar of Hepliaklqana.
  8163 | D:6      | Found an ornate altar of the Wu Jian Council.
  8164 | D:6      | Found a shimmering blue altar of Sif Muna.
  8176 | D:6      | Became a worshipper of Hepliaklqana the Forgotten
  8768 | D:6      | Reached skill level 5 in Fighting
  9564 | D:6      | Killed Menkaure
  9907 | D:7      | Found a staircase to the Ecumenical Temple.
  9956 | D:7      | Found an iron altar of Okawaru.
  9956 | D:7      | Reached * piety under Hepliaklqana
 11094 | D:7      | Found a transporter.
 11967 | D:8      | Learned a level 5 spell: Agony
 12244 | D:9      | Reached XP level 10. HP: 67/67 MP: 12/22
 12736 | D:9      | Reached ** piety under Hepliaklqana
 12737 | D:9      | Remembered your ancestor Æðelind as a knight
 13311 | D:9      | Noticed a two-headed ogre
 13327 | D:9      | Killed a two-headed ogre
 13505 | D:10     | Entered Level 10 of the Dungeon
 13692 | D:10     | Found Tinener's Weapon Shop.
 13693 | D:10     | Found a staircase to the Orcish Mines.
 14060 | D:10     | Noticed a gargoyle
 14072 | D:10     | Killed from afar by a gargoyle

Illustrated notes

Levels and vault maps discovered:
D:1:      doesnt_arrival_eight_statues, layout_loops_ring, minmay_tetromino_s4
D:2:      minmay_spotlight, layout_basic, serial_bayou, serial_bayou_crossing,
          serial_bayou_lake_a, serial_bayou_pond_b, serial_bayou_lagoon_a
D:3:      layout_basic, minmay_misc_feat_doors, uniq_grinder, uniq_sigmund,
          uniq_terence
D:4:      layout_basic, marbit_many_paths, serial_co_window_serial,
          co_window_corner_a, co_window_paths_a, co_window_paths_a,
          co_window_corner_a, co_window_paths_b, co_window_paths_a,
          co_window_of_opportunity_a, co_window_corner_ca, co_window_broadway_c,
          co_window_broadway_a, co_window_corner_b, co_window_4corner_b,
          glass_columns_a, glass_columns_b, glass_columns_c, glass_columns_a,
          st_stairs_13
D:5:      layout_basic, grunt_temple_overflow_open
D:6:      layout_layer_cave, gammafunk_temple_overflow_claw, serial_shops, shop,
          hangedman_abyss_or_decor_jellyfish_corner, uniq_menkaure
D:7:      layout_basic, okawaru_trees_1, minmay_temple_entry_purple_smoke,
          gammafunk_ghost_stat_death
D:8:      minmay_the_grid_four_pointed_star [minmay_the_grid_triangle_9x9_empty,
          minmay_the_grid_triangle_9x9_intruding_spiral,
          minmay_the_grid_triangle_9x9_thin_v,
          minmay_the_grid_triangle_9x9_corrupted_corridor,
          minmay_the_grid_prize_trominoes], layout_loops_ring,
          nemelex_xobeh_ov_fountains_minmay, minmay_crossroads
D:9:      layout_loops_corners, serial_aquarium, aquarium_bridge_square
          [aquarium_subvault_balcony, aquarium_subvault_window,
          aquarium_subvault_window, aquarium_subvault_bridge],
          aquarium_bridge_square [aquarium_subvault_wall,
          aquarium_subvault_bridge, aquarium_subvault_wall,
          aquarium_subvault_wall], aquarium_window_fake, aquarium_window_1,
          aquarium_window_2, aquarium_view_2d
D:10:     layout_roguey, orc_david_3, special_room [special_room_bee],
          serial_shops, nicolae_shop_waterfront

Skill      XL: |  1  2  3  4  5  6  7  8  9 10 |
---------------+-------------------------------+-----
Fighting       | 1 2 3 4 5 6 |  6.4
Necromancy     | 5 6 7 8 9 |  9.1
Dodging        | 2 3 |  3.6
Spellcasting   | 3 4 5 6 8 9 |  9.4
Unarmed Combat | 1 3 4 |  4.7
Armour         | 1 2 3 |  3.0
Stealth        | 2 |  2.7
Throwing       | 1 |  1.4
Evocations     | 1 |  1.3
Polearms       | |  0.4

Action                   |  1- 3 |  4- 6 |  7- 9 | 10-12 || total
-------------------------+-------+-------+-------+-------++-------
Melee: Unarmed           |    35 |    48 |   455 |    36 ||   574
       Spear             |    35 |     6 |       |       ||    41
       Kick              |       |     4 |       |       ||     4
       Punch             |       |       |     4 |     1 ||     5
       Trident           |       |       |       |    35 ||    35
Throw: Dart              |       |       |    33 |     3 ||    36
 Cast: Pain              |    57 |    52 |    66 |     5 ||   180
       Vampiric Draining |     2 |     2 |    69 |    21 ||    94
       Animate Dead      |       |       |     2 |       ||     2
Invok: Recall Ancestor   |       |       |     4 |       ||     4
       Ancestor Identity |       |       |     1 |       ||     1
       Ancestor Life: Kn |       |       |       |     1 ||     1
Evoke: Wand              |       |     7 |    12 |     2 ||    21
       Tin of tremorston |       |       |     2 |       ||     2
       Phial of floods   |       |       |     1 |       ||     1
  Use: Potion            |       |     4 |     4 |       ||     8
       Scroll            |       |       |     5 |       ||     5
 Stab: Sleeping          |     2 |     2 |     5 |       ||     9
       Distracted        |       |       |     3 |     2 ||     5
Armor: Robe              |    25 |     4 |       |       ||    29
       Leather armour    |       |    18 |   155 |    18 ||   191
       Skin              |       |       |    59 |       ||    59
Dodge: Dodged            |    52 |    56 |   375 |    69 ||   552

Table legend: (Time is in decaauts)
 A = Elapsed time spent in this place.
 B = Non-inter-level travel time spent in this place.
 C = Inter-level travel time spent in this place.
 D = Time resting spent in this place.
 E = Time spent auto-exploring this place.
 F = Levels seen in this place.
 G = Mean time per level.
                   A        B        C        D        E       F      G
               +--------+--------+--------+--------+--------+-----+--------+
         Total |  14135 |  13583 |    552 |   1492 |   9199 |  10 | 1413.5 |
       Dungeon |  14135 |  13583 |    552 |   1492 |   9199 |  10 | 1413.5 |
               +--------+--------+--------+--------+--------+-----+--------+

Top non-repeatable levels by time:
     D:6: 2011 daAuts
     D:8: 1787 daAuts
     D:7: 1632 daAuts
     D:4: 1575 daAuts
     D:9: 1493 daAuts
     D:3: 1441 daAuts
     D:1: 1436 daAuts
     D:2: 1353 daAuts
     D:5: 923 daAuts
    D:10: 481 daAuts
